ProzacElf, chaotic male orcish Barbarian ----- --------- |<..--- ------.......-- |)....---|.........--..| --..|....|.---------|..| --.|-.....---- ---- --|.....[...|--- ---- ----.|....|..----... -----..|....|.... ------ |..|........(.... |%!%!| --......---.).%.oo |....| |........|..)|.... ---|--------....-------...- ------.---...-|...-- -@@@ .. |..|-.........|..- -[. | |..-..)........... -----%....{....---- |..............-- |(-----.........| .. |...| --..------- .. |...| ---- ----- ProzacElf the Bandit Experience level: 7 Strength: 18/03 Dexterity: 16 Constitution: 17 Intelligence: 7 Wisdom: 8 Charisma: 6 Health: 0(64) Energy: 12(12) Def: 7 Gold: 18 Moves: 4245 Dungeon seed: TLZzvbZvT1035vX5 Game ID: ProzacElf_1466454316 Your Inventory: Coins $ - 18 gold pieces Weapons a - a +0 two-handed sword (alternate weapon; not wielded) b - a +0 axe (weapon in hand) Armor e - an uncursed +0 elven mithril-coat (being worn) r - an uncursed +0 bronze plate mail y - an uncursed +0 dwarvish cloak (being worn) z - an uncursed +0 pair of iron shoes (being worn) Comestibles C - 2 uncursed tripe rations Scrolls k - an uncursed scroll of enchant weapon m - an uncursed scroll of create monster p - an uncursed scroll of confuse monster B - an uncursed scroll of light H - an uncursed scroll of magic mapping Potions j - an uncursed potion of invisibility w - an uncursed potion of healing F - an uncursed potion of levitation K - an uncursed potion of sickness Rings t - a cursed ring of polymorph Tools d - an uncursed lock pick i - an uncursed sack E - an uncursed stethoscope Gems n - an uncursed touchstone q - an uncursed worthless piece of orange glass (in quiver) N - an uncursed obsidian stone Contents of the sack: 162 gold pieces an uncursed cream pie 3 uncursed food rations Spells and supernatural/magical abilities: Name Level Category Fail Memory W - pray for help -- divine ? -- Your skills at the end: Fighting Skills bare handed combat [Basic] Weapon Skills axe [Skilled] two-handed sword [Basic] Spellcasting Skills Final Attributes: You were piously aligned. You were poison resistant. You had infravision. You were fast. You are dead. Vanquished creatures: 2 gnome kings 2 Woodland-elves 2 Uruk-hai a rock mole a pony a fog cloud a violet fungus 6 gnome lords 2 gnomish wizards a ghoul a giant ant a little dog a kitten 8 dwarves a kobold lord a kobold shaman 3 dwarf zombies an acid blob 3 coyotes 3 hobbits a large kobold a cave spider 20 gnomes 3 garter snakes 2 geckos 9 jackals 4 foxes a kobold a goblin 6 grid bugs 5 lichens 2 kobold zombies 5 newts 102 creatures vanquished. Voluntary challenges: You were an atheist. You used a wielded weapon 139 times, starting on turn 3. You were illiterate. You never genocided any monsters. You never polymorphed an object. You never changed form. You used no wishes. You never split a pudding. You never wrote Elbereth's name. You never violated your personal moral code. Dungeon overview: The Dungeons of Doom: levels 1 to 3 Level 1 a long staircase Level 2 Level 3 some fountains stairs to The Gnomish Mines The Gnomish Mines: levels 4 to 6 Level 4 stairs to The Dungeons of Doom Level 5 Level 6 <- You were here a delicatessen, a fountain History has recorded: On T:1 you entered the Dungeons of Doom to retrieve the Amulet of Yendor! On T:741 you reached level 2 of The Dungeons of Doom. On T:1089 you advanced to experience level 2. On T:1129 you reached level 3 of The Dungeons of Doom. On T:1416 you advanced to experience level 3. On T:1553 you reached level 1 of The Gnomish Mines. On T:1625 you advanced to experience level 4. On T:1890 you advanced to experience level 5. On T:2312 you reached level 2 of The Gnomish Mines. On T:2555 you advanced to experience level 6. On T:3855 you reached level 3 of The Gnomish Mines. On T:4211 you advanced to experience level 7. Score breakdown: Gold: 180 ( 7679 points) Experience: 7 levels (13645 points) Exploration: 6 levels ( 11.76%) ( 9486 points) Discoveries: 1 item ( 0.41%) ( 1912 points) Valuables value: (no points given unless you survive) Artifact value: 0 ( 0 points) Variety of kills: 33 monsters ( 8.66%) ( 8829 points) Turncount: 4245 turns (-1112 points) Survival: died (score multiplied by 80%) Total score: 32351 Latest messages: You smite the Woodland-elf. The Woodland-elf thrusts his elven short sword. The Woodland-elf misses. You smite the Woodland-elf! The Woodland-elf thrusts his elven short sword. The Woodland-elf hits! (2x) You smite the Woodland-elf! The Woodland-elf turns to flee! You kill the Woodland-elf! The Woodland-elf hits! There are several objects here. The Woodland-elf swings her elven bow. The Woodland-elf misses. The Woodland-elf hits! You smite the dwarf! The Woodland-elf swings her elven bow. The Woodland-elf hits! (2x) The dwarf wields a pick-axe! You kill the dwarf! The Woodland-elf swings her elven bow. The Woodland-elf hits! (2x) You die... Final status: Goodbye ProzacElf the Barbarian, killed by a Woodland-elf... You died in The Gnomish Mines on dungeon level 6 with 32351 points, and 180 pieces of gold, after 4245 moves. You were level 7 with a maximum of 64 hit points when you died.